[Event "*** Titled Tuesday 3|2 Blitz"]
[Site "Chess.com"]
[Date "2015.06.02"]
[Round "1"]
[White "ChadaevNikolay"]
[Black "kleinebeer98"]
[Result "1/2-1/2"]
[WhiteElo "2643"]
[BlackElo "2273"]
[TimeControl "180+2"]
[EndTime "11:11:44 PDT"]
[Termination "Game drawn - insufficient material"]

1. e4 c5 2. Nf3 d6 3. c3 Nf6 4. Be2 Nc6 5. d4 cxd4 6. cxd4 d5 7. e5 Ne4 8. O-O g6 9. Nc3 Nxc3 10. bxc3 Bg7 11. Re1 O-O 12. Bd3 Bg4 13. h3 Bxf3 14. Qxf3 Rc8 15. h4 Na5 16. Bd2 Nc4 17. Bg5 h6 18. Bc1 e6 19. h5 g5 20. Rb1 b6 21.
Bc2 f5 22. exf6 Qxf6 23. Qxf6 Rxf6 24. Ba4 Rcf8 25. Re2 Kf7 26. Bc2 Ke7 27. a4 Rc8 28.
Bd3 Kd7 29. g3 Bf8 30. Kg2 Nd6 31. Bd2 Nc4 32. Be1 Bd6 33. Rb5 Na5 34. Re3 Be7 35.
Rb1 Bd6 36. Be2 Nc4 37. Rd3 Rcf8 38. Bg4 Kc6 39. Ra1 e5 40. Ra2 e4 41. Rd1 e3 42. Rd3 exf2 43. Rxf2 Rxf2+ 44. Bxf2 b5 45. axb5+ Kxb5 46. Bf3 Kc6 47. Rd1 a5 48. Ra1 Ra8 49. Bd1 Nb2 50. Bc2 a4 51. Kf3 a3 52.
Ke2 Nc4 53. Bg6 Rb8 54. Be1 Rb2+ 55. Kf3 Nd2+ 56. Bxd2 Rxd2 57. Kg4 a2 58. Be8+ Kb6 59.
Ba4 Rd3 60. Bb3 Rxc3 61. Bxd5 Rxg3+ 62. Kf5 Rd3 63. Rxa2 Rxd4 64. Rb2+ Kc5 65. Ba8 g4 66. Kg6 Bf4 67. Rc2+ Kd6 68. Bg2 Bg5 69. Ra2 Ke5 70.
Re2+ Kf4 71. Ra2 Kg3 72. Ba8 Rf4 73. Bb7 Rf6+ 74. Kg7 Rf2 75. Ra5 Kh2 76. Rxg5 hxg5 77. h6 Kg3 78. h7 Rh2 79. h8=Q Rxh8 80. Kxh8 Kf2 81. Kg7 g3 82. Kf6 g2 83. Bxg2 Kxg2 84. Kxg5 1/2-1/2

[Event "*** Titled Tuesday 3|2 Blitz"]
[Site "Chess.com"]
[Date "2015.06.02"]
[Round "1"]
[White "Daniel_Fridman"]
[Black "IMRosen"]
[Result "1-0"]
[WhiteElo "2563"]
[BlackElo "2240"]
[TimeControl "180+2"]
[EndTime "11:12:47 PDT"]
[Termination "Daniel_Fridman won by resignation"]

1. d4 d5 2. c4 e6 3. Nc3 Nf6 4.
cxd5 exd5 5. Bg5 c6 6. Qc2 Be7 7. e3 Nbd7 8. Bd3 Nh5 9. Bxe7 Qxe7 10. O-O-O Nb6 11. h3 Be6 12. Nf3 O-O-O 13. Kb1 Kb8 14.
a4 Nf6 15. a5 Nc8 16. a6 b6 17. Rc1 Qd6 18. Ne5 Ne7 19. f4 Rhf8 20. g4 Rc8 21. f5 Bd7 22. g5 Ne8 23. Qh2 Ka8 24. e4 f6 25. gxf6 Nxf6 26. exd5 Nexd5 27. Rhg1 Nb4 28. Bc4 Bxf5+ 29. Ka1 g6 30. Rgd1 Nfd5 31. Qd2 Rfe8 32. Bb3 Nxa6 33. Bxd5 cxd5 34. Nb5 Qf8 35. Rc3 Rxc3 36. bxc3 Rc8 37. Qa2 Kb7 38. Kb2 Be6 39. Kb3 Ra8 40. Qa4 Nc7 41. Nxc7 Qd6 42. Nb5 Qf8 43. Qb4 a5 44. Qxf8 Rxf8 45. h4 Rf4 46. Re1 Bf5 47. Nd6+ Kc7 48. Nxf5 gxf5 49. h5 Rh4 50. Rg1 Rxh5 51. Rg7+ Kd6 52. Rb7 f4 53.
Rxb6+ Ke7 54. Rb5 Ke6 55. Rxa5 Rf5 56. Ra6+ Ke7 57. Rh6 f3 58. Rxh7+ Kd6 59. Rh1 f2 60. Rf1 Rf8 61. Nd3 Rf3 62. Kc2 Rf8 63. Rxf2 Ra8 64.
Rf6+ Ke7 65. Rb6 Ra2+ 66. Kb3 Ra1 67. Kb2 Rh1 68. Nb4 Rh2+ 69. Kb3 Rh5 70. Rb5 Rh1 71. Nxd5+ Ke6 72. Nb4 Kd6 73. Rb6+ Kc7 74. Nd5+ Kd7 75. Kc4 Ra1 76. Kc5 Ra5+ 77. Rb5 Ra3 78. Rb7+ Kc8 79.
Rc7+ Kb8 80. c4 Ra5+ 81. Kd6 Ra6+ 82. Rc6 Ra7 83. Rb6+ Kc8 84. Ne7+ 1-0

[Event "*** Titled Tuesday 3|2 Blitz"]
[Site "Chess.com"]
[Date "2015.06.02"]
[Round "2"]
[White "Krutoy123"]
[Black "ecwinslow"]
[Result "1-0"]
[WhiteElo "2065"]
[BlackElo "2003"]
[TimeControl "180+2"]
[EndTime "11:16:19 PDT"]
[Termination "Krutoy123 won by resignation"]

1. e4 c5 2. Nf3 d6 3. d4 cxd4 4. Nxd4 Nf6 5. f3 e5 6. Nb3 Be6 7. c4 h5 8. Nc3 Nbd7 9. Be3 a6 10. Be2 Be7 11. O-O Rc8 12. Nd5 Nxd5 13. cxd5 Bg5 14. Bxg5 Qxg5 15. dxe6 fxe6 16. Rc1 Nc5 17. Qd2 Qxd2 18.
Nxd2 Kd7 19. Nc4 Rc6 20. Rfd1 Ke7 21. Nxd6 Rd8 22. Nxb7 1-0

[Event "*** Titled Tuesday 3|2 Blitz"]
[Site "Chess.com"]
[Date "2015.06.02"]
[Round "2"]
[White "Hikaru"]
[Black "Tilicheev_Viacheslav"]
[Result "1/2-1/2"]
[WhiteElo "2821"]
[BlackElo "2420"]
[TimeControl "180+2"]
[EndTime "11:17:45 PDT"]
[Termination "Game drawn by repetition"]

1. e3 d5 2. b3 Nf6 3. Bb2 g6 4. Nf3 Bg7 5. c4 c6 6. Nc3 O-O 7. d4 Bg4 8. Be2 Bxf3 9. Bxf3 e6 10. O-O Nbd7 11. Qe2 Qe7 12. a4 Rfd8 13. a5 e5 14. dxe5 Nxe5 15. cxd5 Nxf3+ 16. Qxf3 Nxd5 17. Nxd5 Rxd5 18. Bxg7 Kxg7 19. a6 Rb5 20. axb7 Qxb7 21. Ra3 Rxb3 22. Rxb3 Qxb3 23. Qxc6 Rd8 24. Qc7 Rd1 25. Qe5+ Kg8 26. Qe8+ Kg7 27. Qe5+ Kg8 28. Qe8+ Kg7 29. Qe5+ 1/2-1/2

[Event "*** Titled Tuesday 3|2 Blitz"]
[Site "Chess.com"]
[Date "2015.06.02"]
[Round "2"]
[White "IMRosen"]
[Black "jup1978"]
[Result "1-0"]
[WhiteElo "2247"]
[BlackElo "2170"]
[TimeControl "180+2"]
[EndTime "11:18:30 PDT"]
[Termination "IMRosen won by checkmate"]

1. e4 e5 2. Nf3 Nc6 3. c3 Nf6 4. d4 Nxe4 5. d5 Ne7 6. Nxe5 Ng6 7. Nxg6 hxg6 8. Bd3 Nd6 9. O-O Be7 10. Re1 Kf8 11.
c4 b6 12. Bf4 Bb7 13. Nc3 a6 14. Qf3 Nf5 15. Re4 Bd6 16. Rae1 Qf6 17. Qe2 Kg8 18.
Bxd6 Nxd6 19. Re7 Rd8 20. Qg4 Bc8 21. Ne4 Nxe4 22. R1xe4 Kf8 23. Qe2 Kg8 24. Re8+ Rxe8 25. Rxe8+ Kh7 26. Qh5# 1-0

[Event "*** Titled Tuesday 3|2 Blitz"]
[Site "Chess.com"]
[Date "2015.06.02"]
[Round "2"]
[White "David_Klein"]
[Black "MrHenriksson"]
[Result "1-0"]
[WhiteElo "2269"]
[BlackElo "2057"]
[TimeControl "180+2"]
[EndTime "11:18:38 PDT"]
[Termination "David_Klein won by resignation"]

1. e4 c6 2. d4 d5 3. Nc3 dxe4 4. Nxe4 Nf6 5. Nxf6+ gxf6 6. Nf3 Bg4 7. Be2 e6 8. O-O Bd6 9. c4 Nd7 10. Nh4 Bxe2 11. Qxe2 Qc7 12. g3 O-O-O 13. Be3 f5 14. c5 Be7 15. Ng2 Nf6 16. b4 Nd5 17. b5 Nc3 18.
Qh5 Bf6 19. bxc6 bxc6 20. Rac1 Nd5 21. Rb1 Nxe3 22. fxe3 Rd7 23. Rb3 Kd8 24. g4 Rg8 25.
gxf5 e5 26. Kh1 exd4 27. exd4 Rxd4 28. Qh6 Qe5 29. Rb8+ Qxb8 30. Qxf6+ Kc8 31. Qxd4 1-0

[Event "*** Titled Tuesday 3|2 Blitz"]
[Site "Chess.com"]
[Date "2015.06.02"]
[Round "2"]
[White "AlexanderL"]
[Black "Lupul_Cenusiu"]
[Result "1-0"]
[WhiteElo "2535"]
[BlackElo "2446"]
[TimeControl "180+2"]
[EndTime "11:18:39 PDT"]
[Termination "AlexanderL won by resignation"]

1. d4 Nf6 2. Bf4 d6 3. Nc3 Nbd7 4. Nf3 g6 5. e4 Bg7 6. Bc4 O-O 7. h3 Nb6 8. Bb3 c6 9. O-O d5 10. Re1 h6 11. e5 Ne8 12. Ne2 Nc7 13. c3 Bf5 14.
Ng3 e6 15. h4 Nd7 16. Qd2 Kh7 17. h5 c5 18. hxg6+ fxg6 19. Nxf5 gxf5 20. g3 cxd4 21. cxd4 Nb6 22. Kg2 Rh8 23. Rh1 Qf8 24. Rac1 Na6 25. Ng5+ Kg8 26. Nxe6 Qe7 27. Nxg7 Qxg7 28. Bxh6 Qg4 29.
Qg5+ Qxg5 30. Bxg5 Rxh1 31. Rxh1 Nc4 32. Bxc4 dxc4 33.
Bf6 Re8 34. d5 Nc5 35. e6 Nxe6 36. Rh8+ Kf7 37. Rxe8 1-0

[Event "*** Titled Tuesday 3|2 Blitz"]
[Site "Chess.com"]
[Date "2015.06.02"]
[Round "2"]
[White "Ar4uha"]
[Black "redchessman"]
[Result "1-0"]
[WhiteElo "2446"]
[BlackElo "2133"]
[TimeControl "180+2"]
[EndTime "11:18:49 PDT"]
[Termination "Ar4uha won by resignation"]

1. e4 e5 2. Nf3 Nc6 3. d4 exd4 4. Nxd4 Bb4+ 5. c3 Bc5 6. Be3 Bb6 7. Qg4 Nf6 8. Qxg7 Rg8 9. Qh6 Rg6 10. Qh4 Rg4 11.
Qh6 Rg6 12. Qf4 Rg4 13. Qf3 Ne5 14. Qd1 Rxe4 15. Be2 Neg4 16. Bg5 Nxf2 17. Kxf2 Ng4+ 18. Bxg4 Qxg5 19. Re1 d5 20. Bxc8 Rxc8 21. Nd2 Bxd4+ 22. cxd4 Qh4+ 23. Kg1 1-0

[Event "*** Titled Tuesday 3|2 Blitz"]
[Site "Chess.com"]
[Date "2015.06.02"]
[Round "2"]
[White "vovkcoach"]
[Black "Aragon"]
[Result "0-1"]
[WhiteElo "2447"]
[BlackElo "2110"]
[TimeControl "180+2"]
[EndTime "11:18:54 PDT"]
[Termination "Aragon won by resignation"]

1. Nf3 d5 2. d4 Bf5 3. c4 e6 4. Nc3 c6 5. Qb3 Qb6 6. c5 Qc7 7. Bf4 Qc8 8. e3 Nd7 9. Rc1 Ngf6 10. h3 h6 11. Be2 Ne4 12. Nxe4 Bxe4 13. O-O Bxf3 14.
Bxf3 Be7 15. e4 dxe4 16. Bxe4 Nf6 17. Bf3 O-O 18. Rfe1 Rd8 19. Qc4 Nd5 20. Bd2 Bf6 21. Be4 Rd7 22. Rcd1 Qd8 23. Bb1 Ne7 24. Qc2 Ng6 25.
Rxe6 fxe6 26. Qxg6 Rxd4 27. Qc2 Qd5 28. Qh7+ Kf7 0-1

[Event "*** Titled Tuesday 3|2 Blitz"]
[Site "Chess.com"]
[Date "2015.06.02"]
[Round "2"]
[White "MinhGTrAn"]
[Black "only_defence"]
[Result "1-0"]
[WhiteElo "2570"]
[BlackElo "1920"]
[TimeControl "180+2"]
[EndTime "11:19:03 PDT"]
[Termination "MinhGTrAn won by resignation"]

1. d4 Nf6 2. Bg5 e6 3. e3 h6 4. Bh4 c5 5. c3 Nc6 6. Nd2 d5 7. Ngf3 Bd6 8. Bd3 Qe7 9. O-O e5 10. e4 g5 11. Bg3 O-O 12. exd5 Nxd5 13. dxe5 Bc7 14. Re1 Bg4 15. Qb3 Nb6 16. Be4 Rad8 17. h3 Be6 18. Qc2 c4 19. Bxc6 bxc6 20. Ne4 Bf5 21. Nd4 Rxd4 22. cxd4 Kg7 23. Qc3 Rd8 24. Nd6 Bd3 25. b3 1-0

[Event "*** Titled Tuesday 3|2 Blitz"]
[Site "Chess.com"]
[Date "2015.06.02"]
[Round "2"]
[White "hansen"]
[Black "AungTZ"]
[Result "1-0"]
[WhiteElo "2548"]
[BlackElo "2121"]
[TimeControl "180+2"]
[EndTime "11:19:07 PDT"]
[Termination "hansen won by resignation"]

1. d4 Nf6 2. c4 e6 3. Nf3 b6 4. a3 Bb7 5. Nc3 d5 6. Bg5 Be7 7. e3 Ne4 8. Bxe7 Qxe7 9. Rc1 O-O 10. cxd5 Nxc3 11. Rxc3 Bxd5 12. Qc2 Rc8 13. Bd3 h6 14. O-O Bb7 15. Rc1 c6 16. Ne5 Qd6 17. Bh7+ Kf8 18. Be4 Rc7 19. b4 a6 20. Nc4 Qd8 21. Nxb6 a5 22.
Nxa8 Bxa8 23. b5 f5 24. Bxc6 Nxc6 25. bxc6 Qd6 26. Rc5 Kg8 27. Qc3 a4 28. Qa5 Rc8 29. Qxa4 f4 30. exf4 Qxf4 31. h3 Kh7 32. Qc2+ Kh8 33.
Qc4 Qf6 34. Rc2 Rb8 35. Rb5 Rc8 36. Rb6 e5 37. d5 e4 38. Qxe4 Qf7 39. Rcb2 1-0

[Event "*** Titled Tuesday 3|2 Blitz"]
[Site "Chess.com"]
[Date "2015.06.02"]
[Round "2"]
[White "megarompa"]
[Black "Konavets"]
[Result "1-0"]
[WhiteElo "2705"]
[BlackElo "2427"]
[TimeControl "180+2"]
[EndTime "11:19:08 PDT"]
[Termination "megarompa won by resignation"]

1. d4 Nf6 2. Nf3 g6 3. c4 Bg7 4. Nc3 d5 5. Bg5 Ne4 6. cxd5 Nxg5 7. Nxg5 e6 8. Qd2 h6 9. Nh3 exd5 10. Qe3+ Kf8 11.
Nf4 c5 12. Qf3 cxd4 13. Ncxd5 Kg8 14. g3 Nc6 15. Bg2 Qa5+ 16. b4 Nxb4 17. O-O Nxd5 18. Nxd5 Be6 19. Nf4 Re8 20. Qxb7 d3 21. Rac1 dxe2 22.
Nxe2 Qxa2 23. Nf4 Bc4 24. Rxc4 Qxc4 25. Bd5 Qxd5 26. Nxd5 Rf8 27. Qxa7 Kh7 28. h4 h5 29. Re1 Bh6 30. Re7 Kg8 31. Nf6+ Kg7 32. Qd4 Rd8 33.
Nxh5+ Kg8 34. Nf6+ Kg7 35. Qe5 Rd1+ 36. Kg2 1-0

[Event "*** Titled Tuesday 3|2 Blitz"]
[Site "Chess.com"]
[Date "2015.06.02"]
[Round "2"]
[White "Viaje"]
[Black "pKiLz5Rn9b"]
[Result "1/2-1/2"]
[WhiteElo "2168"]
[BlackElo "2325"]
[TimeControl "180+2"]
[EndTime "11:19:31 PDT"]
[Termination "Game drawn by agreement"]

1. d4 e6 2. e4 d5 3. exd5 exd5 4. Nf3 Bd6 5. c4 dxc4 6. Bxc4 Nf6 7. O-O O-O 8. Nc3 Bg4 9. h3 Bh5 10. Bg5 Nbd7 11.
Re1 c6 12. Bb3 Qc7 13. Rc1 a6 14. g4 Bg6 15. Nh4 Bf4 16. Bxf4 Qxf4 17. Nxg6 hxg6 18. Rc2 Rad8 19. Rce2 Nc5 20. d5 Nxb3 21. Qxb3 Nxd5 22.
Nxd5 cxd5 23. Qxb7 d4 24. Qe4 Qxe4 25. Rxe4 f5 26.
gxf5 gxf5 27. Re6 f4 28. Rd1 f3 29. Rd3 Rf5 30. Re4 Rc5 31. Rexd4 Rc1+ 32. Kh2 Rxd4 33.
Rxd4 Rc2 34. Kg3 Rxb2 35. Ra4 Rb6 36. Kxf3 Kh7 37. Kg3 Kg6 38. Ra5 Rc6 39. f4 Kf6 40. Kg4 g6 41. h4 Rb6 42. f5 gxf5+ 43. Rxf5+ Kg6 44. Ra5 Rb4+ 45. Kg3 Rb6 46. h5+ 1/2-1/2

[Event "*** Titled Tuesday 3|2 Blitz"]
[Site "Chess.com"]
[Date "2015.06.02"]
[Round "2"]
[White "MITerryble"]
[Black "VSERGUEI"]
[Result "0-1"]
[WhiteElo "2504"]
[BlackElo "2487"]
[TimeControl "180+2"]
[EndTime "11:19:32 PDT"]
[Termination "VSERGUEI won by resignation"]

1. d4 d5 2. Nf3 Nf6 3. c4 c6 4. Nc3 a6 5. cxd5 cxd5 6. Bf4 Nc6 7. e3 Bg4 8. Qb3 Bxf3 9. gxf3 Ra7 10. Rc1 e6 11. h4 Bd6 12. Bxd6 Qxd6 13. f4 O-O 14. h5 Qb4 15. Qxb4 Nxb4 16. h6 g6 17. a3 Nc6 18.
Bd3 Raa8 19. Na4 Nd7 20. Ke2 Rfc8 21. Rc3 Ne7 22. Rhc1 Rxc3 23. Rxc3 Rc8 24. Nc5 Nxc5 25. dxc5 Kf8 26. b4 Ng8 27. c6 Rxc6 28. Rxc6 bxc6 29. Bxa6 Ke7 30. Bb7 Kd6 31. a4 Kc7 32. Ba8 Ne7 33. Kd3 Kb8 34. Bxc6 Nxc6 35. b5 Ne7 36. Kd4 Nf5+ 37. Kc5 Nxh6 38. a5 Nf5 39. a6 Ne7 40.
b6 Nc8 41. b7 Na7 42. Kd4 h5 43. Kd3 Nc6 0-1

[Event "*** Titled Tuesday 3|2 Blitz"]
[Site "Chess.com"]
[Date "2015.06.02"]
[Round "2"]
[White "DanielNaroditsky"]
[Black "LittlePeasant"]
[Result "1-0"]
[WhiteElo "2533"]
[BlackElo "2346"]
[TimeControl "180+2"]
[EndTime "11:19:37 PDT"]
[Termination "DanielNaroditsky won by resignation"]

1. e4 c5 2. Nf3 e6 3. d4 cxd4 4. Nxd4 Nc6 5. Nc3 Qc7 6. g3 a6 7.
Bg2 Nf6 8. O-O h5 9. h3 Bc5 10. Be3 d6 11. Qd2 Nxd4 12. Bxd4 Bxd4 13. Qxd4 e5 14.
Qd2 Be6 15. Rad1 Rd8 16. f4 O-O 17. Kh1 exf4 18. gxf4 Rfe8 19. Rg1 Qc5 20. f5 Bc8 21. Bf3 Qe5 22. Qg2 Kf8 23. Qxg7+ Ke7 24. Rg6 d5 25. Rxd5 Rxd5 26. Nxd5+ Kd8 27. Qxf6+ 1-0

[Event "*** Titled Tuesday 3|2 Blitz"]
[Site "Chess.com"]
[Date "2015.06.02"]
[Round "2"]
[White "Imre91"]
[Black "kleinebeer98"]
[Result "1-0"]
[WhiteElo "2557"]
[BlackElo "2270"]
[TimeControl "180+2"]
[EndTime "11:19:49 PDT"]
[Termination "Imre91 won by resignation"]

1. d4 d5 2. Nf3 Nf6 3. c4 c6 4.
Qb3 dxc4 5. Qxc4 g6 6. g3 Bg7 7. Bg2 O-O 8. O-O Bg4 9. Nc3 Nbd7 10. Bf4 Rc8 11. Rac1 Nb6 12. Qb3 Nfd5 13. Be5 Nxc3 14. bxc3 Bxe5 15. Nxe5 Bxe2 16. Rfe1 Ba6 17. a4 e6 18. h4 Nd7 19. Ng4 c5 20. h5 Qg5 21.
Ne3 Qxh5 22. d5 e5 23. c4 f5 24. d6 f4 25. Nd5 Rce8 26. Nc7 Rb8 27. Bf3 Qh3 28.
Bg2 Qh5 29. Bf3 Qh3 30. gxf4 Qh4 31. Bd5+ Kh8 32. Ne6 Rf5 33. Qg3 Qxg3+ 34. fxg3 exf4 35. gxf4 Nf6 36. Re5 Rxe5 37. fxe5 Ng4 38. Re1 Nh6 39.
Nxc5 Nf5 40. d7 Kg7 41. d8=Q 1-0

[Event "*** Titled Tuesday 3|2 Blitz"]
[Site "Chess.com"]
[Date "2015.06.02"]
[Round "2"]
[White "Gevorg_Harutjunyan"]
[Black "JustaTrickstar"]
[Result "1-0"]
[WhiteElo "2542"]
[BlackElo "2439"]
[TimeControl "180+2"]
[EndTime "11:19:58 PDT"]
[Termination "Gevorg_Harutjunyan won by resignation"]

1. e4 c5 2. Nc3 Nc6 3. Bb5 Nd4 4. Bc4 Nf6 5. Nge2 e6 6. O-O a6 7. a4 d5 8. exd5 exd5 9. Ba2 Nxe2+ 10. Qxe2+ Be7 11.
d3 O-O 12. Bg5 Be6 13. Qf3 Bg4 14. Qg3 Be6 15. Rfe1 Qd7 16. h3 Rfd8 17. Ne2 d4 18. Bxe6 fxe6 19. Nf4 Rf8 20. Nxe6 Rf7 21. Bxf6 Bxf6 22.
Nxc5 Qc8 23. Ne4 Qxc2 24. Rac1 Qxb2 25. Nxf6+ Rxf6 26. Rc7 Rg6 27. Qf3 Rf8 28. Re8 Rxe8 29. Qf7+ 1-0

[Event "*** Titled Tuesday 3|2 Blitz"]
[Site "Chess.com"]
[Date "2015.06.02"]
[Round "2"]
[White "esr44"]
[Black "FearNoEvil12"]
[Result "0-1"]
[WhiteElo "2007"]
[BlackElo "1962"]
[TimeControl "180+2"]
[EndTime "11:20:41 PDT"]
[Termination "FearNoEvil12 won by resignation"]

1. d4 Nf6 2. c4 g6 3. Nc3 Bg7 4. e4 d6 5. Nf3 O-O 6. h3 Nc6 7. Bg5 h6 8. Be3 Kh7 9. d5 Ne5 10. Nxe5 dxe5 11. g4 e6 12. Bd3 exd5 13. cxd5 c6 14. Bc2 cxd5 15. exd5 b6 16. Qf3 Bb7 17.
O-O-O b5 18. g5 hxg5 19. Bxg5 Qb6 20. Qg3 Kg8 21. Rhe1 Rac8 22. d6 b4 23. Na4 Qc6 24. Qb3 Nd7 25. Be7 Rfe8 26. Kb1 Ba6 27. Bxg6 Bc4 28.
Qg3 fxg6 29. Qxg6 Qxa4 30. b3 Bxb3 31. axb3 Qxb3+ 32. Ka1 e4+ 33. Bf6 Nxf6 34. Re3 Qxd1+ 0-1

[Event "*** Titled Tuesday 3|2 Blitz"]
[Site "Chess.com"]
[Date "2015.06.02"]
[Round "2"]
[White "SGQ"]
[Black "1random"]
[Result "1-0"]
[WhiteElo "2040"]
[BlackElo "2036"]
[TimeControl "180+2"]
[EndTime "11:20:43 PDT"]
[Termination "SGQ won by checkmate"]

1. e4 c6 2. d4 d5 3. e5 Bf5 4.
Nf3 e6 5. Be2 c5 6. O-O Nc6 7.
c4 dxc4 8. dxc5 Bxc5 9. Na3 Bxa3 10. bxa3 Bd3 11. Bb2 Nge7 12. Nd2 Ng6 13. Nxc4 Bxc4 14. Bxc4 Ngxe5 15. Bb3 O-O 16. Qh5 Ng6 17. Rad1 Qe7 18. Rd3 Nf4 19. Qg4 e5 20. Rg3 g6 21. Re1 h5 22. Qf3 Qf6 23. Qe4 Rad8 24. Rf3 Qg5 25. g3 Nd4 26. Bxd4 Rxd4 27. Qxe5 Qxe5 28. Rxe5 Nd3 29.
Re7 Rd6 30. Rfxf7 Nc5 31. Rg7+ Kh8 32. Rh7# 1-0

[Event "*** Titled Tuesday 3|2 Blitz"]
[Site "Chess.com"]
[Date "2015.06.02"]
[Round "2"]
[White "pedromartinez91"]
[Black "iFrancisco"]
[Result "1-0"]
[WhiteElo "2116"]
[BlackElo "2299"]
[TimeControl "180+2"]
[EndTime "11:20:48 PDT"]
[Termination "pedromartinez91 won by checkmate"]

1. e4 e5 2. Nf3 Nc6 3. Bb5 a6 4. Ba4 Nf6 5. O-O Nxe4 6. Qe2 Nc5 7. Bxc6 dxc6 8. d4 Ne6 9. dxe5 Bc5 10. Nc3 Nd4 11.
Nxd4 Qxd4 12. Be3 Qb4 13. a3 Qxb2 14. Na4 Qxe5 15. Nxc5 O-O 16. Rab1 b6 17. Nd3 Qe7 18. Qf3 Bb7 19. Nc5 Bc8 20. Qxc6 Bf5 21. Nd3 Rad8 22. Rfd1 Be4 23. Qa4 a5 24. Bg5 Qxg5 25. Qxe4 Rfe8 26. Qf3 Qe7 27. a4 Qa3 28. Ne5 Rxd1+ 29. Rxd1 Qe7 30. Nd3 Qa3 31. Re1 Rf8 32. Qc6 Qd6 33. Qxd6 cxd6 34.
Rb1 Rb8 35. f3 Kf8 36. Kf2 Rc8 37. Rb2 Rc4 38. Ra2 Ke7 39. Ke3 Kd7 40. Ne1 Kc6 41. Kd3 Rc5 42. c3 Rh5 43. h3 Rh4 44. Nc2 Kd5 45.
Nd4 Rh6 46. Rb2 Ke5 47. Rxb6 Kf4 48. Rb5 g6 49. Ne2# 1-0

[Event "*** Titled Tuesday 3|2 Blitz"]
[Site "Chess.com"]
[Date "2015.06.02"]
[Round "2"]
[White "facu57"]
[Black "oggy1984"]
[Result "1-0"]
[WhiteElo "2197"]
[BlackElo "2315"]
[TimeControl "180+2"]
[EndTime "11:20:55 PDT"]
[Termination "facu57 won by resignation"]

1. e4 Nf6 2. Nc3 e5 3. Nf3 Nc6 4. Bb5 Bb4 5. O-O O-O 6. d3 Bxc3 7. bxc3 d6 8. h3 Ne7 9. Bg5 Ng6 10. Re1 h6 11. Bd2 Bd7 12. Bc4 a5 13. a4 b6 14. d4 Qe8 15. Bb3 Bc6 16. d5 Bb7 17. Nh2 Nd7 18. Ng4 Qd8 19. Bc4 Nc5 20. Bb5 Bc8 21. Nh2 f5 22. exf5 Bxf5 23. Be3 Qf6 24. Ng4 Qh4 25. Bd3 e4 26. Bf1 Rf7 27. c4 Raf8 28.
g3 Qd8 29. Bg2 Bxg4 30. Qxg4 Ne5 31. Qe2 Qd7 32. Bxc5 bxc5 33. Rf1 Nf3+ 34. Bxf3 Rxf3 35. Qxe4 Qxh3 36. Rab1 R8f5 37. Rb8+ Kh7 38. Rb3 Qg4 39. Qxg4 1-0

[Event "*** Titled Tuesday 3|2 Blitz"]
[Site "Chess.com"]
[Date "2015.06.02"]
[Round "2"]
[White "Cryptochess"]
[Black "GGuseinov"]
[Result "1-0"]
[WhiteElo "2376"]
[BlackElo "2471"]
[TimeControl "180+2"]
[EndTime "11:21:01 PDT"]
[Termination "Cryptochess won by checkmate"]

1. e4 c5 2. Nc3 Nc6 3. g3 g6 4.
Bg2 Bg7 5. d3 d6 6. Be3 h5 7. Nge2 h4 8. O-O hxg3 9. hxg3 Nf6 10.
f3 e5 11. Qd2 Nd4 12. Kf2 Be6 13. Rh1 Rxh1 14. Rxh1 Qb6 15. b3 O-O-O 16. Na4 Qc7 17. c3 Nxe2 18. Qxe2 b6 19. d4 exd4 20. cxd4 Kb8 21.
d5 Bd7 22. Nc3 Re8 23. Nb5 Bxb5 24. Qxb5 Qe7 25. Bf4 Nd7 26. Rh7 Be5 27. Bh3 Nf6 28.
Bg5 Bd4+ 29. Kg2 Rf8 30. Qc6 Rc8 31. Qxc8# 1-0

[Event "*** Titled Tuesday 3|2 Blitz"]
[Site "Chess.com"]
[Date "2015.06.02"]
[Round "2"]
[White "jlandaw"]
[Black "adypady02"]
[Result "0-1"]
[WhiteElo "2312"]
[BlackElo "2285"]
[TimeControl "180+2"]
[EndTime "11:21:03 PDT"]
[Termination "adypady02 won by resignation"]

1. e4 e5 2. Nf3 Nc6 3. Bb5 a6 4. Ba4 Nf6 5. O-O Be7 6. Re1 b5 7. Bb3 O-O 8. h3 Bb7 9. d3 d6 10. c3 h6 11. Nbd2 Re8 12. Nf1 Bf8 13. a4 b4 14.
cxb4 Nxb4 15. Bxf7+ Kxf7 16. Qb3+ d5 17. d4 exd4 18. e5 Nd7 19. Bf4 c5 20. e6+ Rxe6 21. Rxe6 Kxe6 22. Ng3 Kf7 23. Qd1 Kg8 24. Nh2 Qf6 25.
Nh5 Qf7 26. Bg3 Re8 27. Nf4 Re4 28. Qg4 Nf6 29. Qf3 Bd6 30. Rc1 Bxf4 31. Bxf4 Nd7 32.
g3 g5 33. Ng4 Kh7 34. Nxh6 Kxh6 35. Bxg5+ Kg7 36. Bf4 c4 37. Qg4+ Kh8 38. Qh4+ Kg8 39. Qg5+ Qg7 40. Qd8+ Nf8 41. Qb6 Rxf4 42. Qxb4 Rf7 43.
Re1 d3 44. Re8 Bc6 45. Qd2 Bxe8 0-1

[Event "*** Titled Tuesday 3|2 Blitz"]
[Site "Chess.com"]
[Date "2015.06.02"]
[Round "2"]
[White "GMG"]
[Black "lorcho"]
[Result "0-1"]
[WhiteElo "2465"]
[BlackElo "2380"]
[TimeControl "180+2"]
[EndTime "11:21:06 PDT"]
[Termination "lorcho won by resignation"]

1. c4 e5 2. Nc3 Nc6 3. Nf3 g6 4. d4 exd4 5. Nxd4 Bg7 6. Nxc6 bxc6 7. g3 Ne7 8. Bg2 O-O 9. O-O d6 10. Qc2 h6 11. Rd1 Be6 12. b3 a5 13. Bb2 Qc8 14. Ne4 Bf5 15. Bxg7 Kxg7 16. Qb2+ f6 17. Nc3 g5 18. c5 d5 19. e4 dxe4 20. Nxe4 Nd5 21. Nc3 Nb4 22. Ne2 Bh3 23. Bh1 Re8 24. Nd4 Bg4 25. Rd2 Bd7 26. a3 Nd5 27. Nxc6 Bxc6 28. Bxd5 Qb7 29. Rad1 Re7 30. Qc3 Rae8 31. Qc4 Re1+ 32.
Rxe1 Rxe1+ 33. Kg2 Re5 34. Bxc6 Qxc6+ 35. f3 Rxc5 36.
Qd4 Rc3 37. Qd7+ Qxd7 38. Rxd7+ Kg6 39. Rd5 c5 40. b4 axb4 41. axb4 cxb4 42. Rb5 b3 43. g4 Kf7 44. Rb6 Ke7 45. Kg3 Kd7 46.
Rxf6 Kc7 47. Rf7+ Kc6 48. Rf8 Kb7 49. Rf7+ Rc7 50. Rf5 Kb6 51. Re5 b2 52. Re1 Rc1 0-1

[Event "*** Titled Tuesday 3|2 Blitz"]
[Site "Chess.com"]
[Date "2015.06.02"]
[Round "2"]
[White "chesswooog"]
[Black "Carolina-moon"]
[Result "0-1"]
[WhiteElo "1806"]
[BlackElo "1996"]
[TimeControl "180+2"]
[EndTime "11:21:07 PDT"]
[Termination "Carolina-moon won by checkmate"]

1. e4 c5 2. d4 cxd4 3. c3 dxc3 4. Nxc3 Nc6 5. Nf3 e6 6. Bc4 a6 7. O-O b5 8. Bb3 Bb7 9. Be3 Nge7 10. Qe2 Ng6 11. Rfd1 d6 12. Rac1 Be7 13. a4 b4 14.
Nb1 O-O 15. Nbd2 Qa5 16. Nc4 Qh5 17. Nxd6 Bxd6 18. Rxd6 Nce5 19. Bd2 Nh4 20. Bd1 Nhxf3+ 21. gxf3 Ng6 22. Rc7 Rab8 23. Rdd7 Ba8 24. Qf1 a5 25. f4 Qh4 26. Qg2 Nxf4 27. Bxf4 Qxf4 28. Bf3 Rbd8 29. h3 Rxd7 30. Rxd7 Qc1+ 31. Kh2 Qxb2 32. Qg3 b3 33. Bh5 Bxe4 34. Qd6 Qxf2# 0-1

[Event "*** Titled Tuesday 3|2 Blitz"]
[Site "Chess.com"]
[Date "2015.06.02"]
[Round "2"]
[White "GMNeiksans"]
[Black "VovAn1991"]
[Result "1-0"]
[WhiteElo "2523"]
[BlackElo "2449"]
[TimeControl "180+2"]
[EndTime "11:21:13 PDT"]
[Termination "GMNeiksans won by resignation"]

1. Nf3 Nf6 2. g3 g6 3. Bg2 Bg7 4. c4 O-O 5. Nc3 d6 6. d4 Nbd7 7. O-O e5 8. e4 c6 9. h3 exd4 10. Nxd4 Re8 11. Be3 Nc5 12. Qc2 a5 13. Rae1 a4 14.
f4 Qa5 15. Bf2 Qb4 16. Nb1 Nfd7 17. a3 Qa5 18. Nd2 Re7 19. Kh2 Nb6 20. f5 Nbd7 21.
N2f3 Ne5 22. Bg1 Ncd7 23. Rd1 Qa6 24. Nxe5 Bxe5 25. Nf3 c5 26. Rd5 Nf6 27. Nxe5 Nxd5 28. Nxg6 hxg6 29. cxd5 gxf5 30. Be3 fxe4 31. Rf6 Qd3 32.
Qf2 Qxd5 33. Qf4 Qe5 34. Qh4 Re6 35. Bg5 d5 36. Rxe6 fxe6 37. Bf6 Qd6 38. Qh5 Kf8 39. Bf1 c4 40. Be2 Qc5 41. Qh8+ 1-0

[Event "*** Titled Tuesday 3|2 Blitz"]
[Site "Chess.com"]
[Date "2015.06.02"]
[Round "2"]
[White "stepanosinovsky"]
[Black "goldaxe"]
[Result "1-0"]
[WhiteElo "2282"]
[BlackElo "2155"]
[TimeControl "180+2"]
[EndTime "11:21:25 PDT"]
[Termination "stepanosinovsky won on time"]

1. e4 e5 2. Nf3 Nc6 3. Bc4 Bc5 4. O-O d6 5. d3 Nf6 6. c3 a6 7. a4 Ba7 8. h3 O-O 9. Bg5 Be6 10. Nbd2 Re8 11.
Kh1 Qe7 12. Nh4 h6 13. Bxf6 Qxf6 14. Nhf3 Ne7 15. Qb3 Rab8 16. d4 Ng6 17. Bxe6 Rxe6 18. dxe5 Nxe5 19. Nd4 Ree8 20. f4 Nd3 21. e5 dxe5 22.
fxe5 Nf2+ 23. Rxf2 Qxf2 24. Ne4 Qe3 25. e6 fxe6 26.
Nxe6 Kh8 27. Qd5 c6 28. Qf5 Rxe6 29. Qxe6 Rf8 30. Qg4 Rf4 31. Qc8+ Kh7 32. Nd6 Rh4 33. Qf5+ 1-0